General information
- name: BNet
- type: Ladder team game (AT/RT)
- host: Battle.net
- saver: ChristmasLumber
map: Monsoon
- players: 6
- length: 90:57
- speed: Fast
- version: 1.26 W3XP
- replay type: Public
» download(787 KB)
Players
team 1 (winner)
ChristmasLumber (
pink | 127 APM | 11524 actions | 90:56)
9 Blademaster
3 Wind Walk
3 Critical Strike
1 Bladestorm
2 Mirror Image
» actions
| Assign group hotkey | 44 | |
| Basic commands | 38 | |
| Build / train | 96 | |
| ESC pressed | 1 | |
| Enter build submenu | 59 | |
| Enter hero's abilities submenu | 9 | |
| Give item / drop item | 1 | |
| Remove unit from queue | 7 | |
| Right click | 8695 | |
| Select / deselect | 597 | |
| Select group hotkey | 1263 | |
| Use ability | 714 | |
11524 total
» units
» upgrades
| Ranged Weapons | 3 | |
| Reinforced Defenses | 1 | |
| Armor | 2 | |
| Liquid Fire | 1 | |
| Troll Regeneration | 1 | |
8 total
» buildings
| Altar of Storms | 1 | |
| Orc Burrow | 4 | |
| War Mill | 1 | |
| Voodoo Lounge | 3 | |
| Watch Tower | 47 | |
| Stronghold | 1 | |
| Beastiary | 2 | |
| Fortress | 4 | |
| Great Hall | 2 | |
| Barracks | 1 | |
66 total
» build order
00:11 Altar of Storms
00:37 Orc Burrow
00:52 War Mill
01:31 Voodoo Lounge
02:32 Watch Tower
02:33 Watch Tower
03:21 Watch Tower
03:23 Watch Tower
04:31 Stronghold
04:37 Watch Tower
04:39 Watch Tower
04:41 Watch Tower
04:43 Watch Tower
05:09 Orc Burrow
05:10 Orc Burrow
05:14 Watch Tower
05:33 Watch Tower
06:23 Watch Tower
06:43 Watch Tower
06:55 Beastiary
06:57 Beastiary
07:09 Voodoo Lounge
07:18 Voodoo Lounge
07:24 Watch Tower
07:40 Watch Tower
08:04 Orc Burrow
08:15 Fortress
08:15 Fortress
08:15 Fortress
08:18 Watch Tower
09:51 Great Hall
10:10 Watch Tower
10:13 Watch Tower
11:53 Watch Tower
12:07 Watch Tower
12:32 Watch Tower
13:47 Watch Tower
14:05 Barracks
14:32 Watch Tower
14:33 Watch Tower
14:35 Watch Tower
14:36 Watch Tower
14:37 Watch Tower
14:51 Watch Tower
14:52 Watch Tower
14:53 Watch Tower
14:54 Watch Tower
14:54 Watch Tower
16:00 Watch Tower
16:02 Watch Tower
16:03 Watch Tower
16:52 Watch Tower
16:54 Watch Tower
16:55 Watch Tower
18:30 Watch Tower
18:31 Watch Tower
18:32 Watch Tower
18:33 Watch Tower
23:47 Watch Tower
23:48 Watch Tower
23:51 Watch Tower
23:52 Watch Tower
23:53 Watch Tower
23:54 Watch Tower
87:36 Great Hall
» items
| Staff of Teleportation | 2 | |
| Boots of Speed | 1 | |
| Healing Salve | 3 | |
| Lesser Clarity Potion | 3 | |
| Orb of Lightning | 1 | |
| Scroll of Town Portal | 3 | |
13 total
PoodolphRedNose (
yellow | 113 APM | 10289 actions | 90:56)
10 Warden
3 Shadow Strike
3 Blink
3 Fan of Knives
1 Spirit of Vengeance
» actions
| Assign group hotkey | 188 | |
| Basic commands | 109 | |
| Build / train | 89 | |
| ESC pressed | 3 | |
| Enter build submenu | 40 | |
| Enter hero's abilities submenu | 11 | |
| Give item / drop item | 66 | |
| Remove unit from queue | 5 | |
| Right click | 7871 | |
| Select / deselect | 658 | |
| Select group hotkey | 388 | |
| Use ability | 861 | |
10289 total
» units
» upgrades
| Well Spring | 1 | |
| Strength of the Wild | 1 | |
| Druid of the Talon Training | 1 | |
| Strength of the Moon | 3 | |
| Vorpal Blades | 1 | |
7 total
» buildings
| Altar of Elders | 2 | |
| Moon Well | 28 | |
| Tree of Ages | 2 | |
| Hunter's Hall | 2 | |
| Tree of Life | 2 | |
| Tree of Eternity | 2 | |
| Ancient of Wind | 1 | |
| Ancient of War | 2 | |
41 total
» build order
00:04 Altar of Elders
00:07 Moon Well
01:26 Moon Well
04:20 Tree of Ages
04:36 Moon Well
05:15 Moon Well
05:17 Hunter's Hall
05:43 Moon Well
06:02 Tree of Life
06:13 Tree of Life
06:45 Moon Well
07:34 Tree of Eternity
09:43 Ancient of Wind
13:48 Moon Well
13:49 Moon Well
13:51 Moon Well
13:52 Moon Well
13:52 Moon Well
18:04 Moon Well
18:06 Moon Well
18:06 Moon Well
18:07 Moon Well
18:08 Moon Well
20:42 Moon Well
20:44 Moon Well
20:44 Moon Well
20:46 Moon Well
24:29 Moon Well
24:30 Moon Well
24:31 Moon Well
24:33 Moon Well
33:14 Moon Well
33:15 Moon Well
33:16 Moon Well
33:18 Moon Well
35:19 Ancient of War
35:19 Ancient of War
46:58 Hunter's Hall
58:20 Altar of Elders
» items
| Boots of Speed | 1 | |
| Staff of Teleportation | 1 | |
| Healing Salve | 1 | |
| Orb of Lightning | 2 | |
| Circlet of Nobility | 2 | |
| Scroll of Town Portal | 7 | |
| Lesser Clarity Potion | 1 | |
15 total
Wignau (
blue | 112 APM | 10221 actions | 90:56)
9 Archmage
3 Blizzard
3 Brilliance Aura
3 Mass Teleport
7 Mountain King
3 Storm Bolt
3 Bash
1 Avatar
6 Paladin
3 Holy Light
2 Divine Shield
1 Resurrection
» actions
| Assign group hotkey | 309 | |
| Basic commands | 108 | |
| Build / train | 169 | |
| Enter build submenu | 136 | |
| Enter hero's abilities submenu | 23 | |
| Give item / drop item | 7 | |
| Right click | 5393 | |
| Select / deselect | 786 | |
| Select group hotkey | 2558 | |
| Use ability | 732 | |
10221 total
» units
» upgrades
| Masonry | 3 | |
| Lumber Harvesting | 2 | |
| Magic Sentry | 1 | |
| Backpack | 1 | |
7 total
» buildings
| Altar of Kings | 1 | |
| Farm | 3 | |
| Lumber Mill | 1 | |
| Scout Tower | 195 | |
| Arcane Tower | 23 | |
| Guard Tower | 67 | |
| Keep | 1 | |
| Arcane Vault | 3 | |
| Town Hall | 4 | |
| Castle | 1 | |
| Arcane Sanctum | 1 | |
300 total
» build order
00:04 Altar of Kings
00:19 Farm
00:37 Lumber Mill
01:07 Farm
01:15 Scout Tower
01:28 Scout Tower
01:35 Scout Tower
01:37 Scout Tower
01:42 Farm
01:49 Arcane Tower
02:04 Arcane Tower
02:09 Scout Tower
02:12 Guard Tower
02:13 Scout Tower
02:35 Guard Tower
02:36 Scout Tower
02:50 Guard Tower
02:52 Scout Tower
02:53 Scout Tower
02:59 Guard Tower
03:01 Scout Tower
03:47 Guard Tower
03:48 Scout Tower
03:49 Scout Tower
04:06 Keep
04:19 Guard Tower
04:21 Scout Tower
04:22 Scout Tower
05:20 Guard Tower
05:25 Guard Tower
05:28 Scout Tower
05:32 Arcane Vault
06:39 Town Hall
06:46 Guard Tower
06:49 Scout Tower
06:50 Scout Tower
07:23 Scout Tower
07:24 Scout Tower
07:34 Scout Tower
08:02 Guard Tower
08:04 Scout Tower
08:06 Scout Tower
08:09 Scout Tower
08:10 Scout Tower
08:17 Guard Tower
08:18 Scout Tower
08:19 Castle
08:22 Arcane Sanctum
09:17 Guard Tower
09:19 Scout Tower
09:21 Scout Tower
09:24 Scout Tower
09:33 Guard Tower
09:34 Scout Tower
09:43 Scout Tower
09:44 Scout Tower
09:46 Scout Tower
09:46 Scout Tower
09:56 Arcane Tower
10:14 Guard Tower
10:16 Scout Tower
10:18 Arcane Tower
10:20 Arcane Tower
10:26 Scout Tower
10:31 Scout Tower
10:32 Guard Tower
10:46 Guard Tower
10:47 Scout Tower
10:57 Guard Tower
10:58 Scout Tower
10:59 Scout Tower
11:00 Scout Tower
11:29 Guard Tower
11:35 Scout Tower
11:36 Scout Tower
12:26 Guard Tower
12:32 Scout Tower
12:44 Guard Tower
12:45 Guard Tower
12:45 Guard Tower
12:46 Scout Tower
12:48 Guard Tower
12:51 Arcane Vault
12:53 Scout Tower
12:56 Scout Tower
12:57 Scout Tower
13:37 Guard Tower
13:46 Guard Tower
13:56 Scout Tower
13:56 Scout Tower
13:57 Scout Tower
14:31 Guard Tower
14:33 Scout Tower
15:53 Arcane Tower
15:54 Guard Tower
15:59 Scout Tower
16:00 Scout Tower
16:01 Scout Tower
16:01 Scout Tower
16:12 Guard Tower
16:18 Scout Tower
16:19 Scout Tower
16:19 Scout Tower
16:20 Scout Tower
16:21 Scout Tower
16:21 Scout Tower
16:27 Scout Tower
16:28 Scout Tower
16:29 Scout Tower
16:30 Scout Tower
16:31 Scout Tower
16:33 Arcane Vault
16:37 Scout Tower
16:38 Scout Tower
16:39 Scout Tower
16:39 Scout Tower
16:41 Scout Tower
16:41 Scout Tower
16:44 Scout Tower
16:45 Scout Tower
16:45 Scout Tower
16:46 Scout Tower
16:51 Scout Tower
16:52 Scout Tower
16:53 Scout Tower
16:57 Scout Tower
16:57 Scout Tower
16:58 Scout Tower
16:59 Scout Tower
17:00 Scout Tower
17:02 Guard Tower
17:17 Arcane Tower
17:19 Guard Tower
18:11 Guard Tower
18:18 Scout Tower
18:19 Scout Tower
18:19 Scout Tower
18:22 Scout Tower
18:23 Scout Tower
18:23 Scout Tower
18:25 Guard Tower
18:32 Guard Tower
18:34 Scout Tower
18:35 Scout Tower
18:56 Scout Tower
18:56 Scout Tower
19:13 Guard Tower
19:31 Guard Tower
19:33 Scout Tower
19:34 Scout Tower
19:35 Scout Tower
19:35 Scout Tower
19:39 Guard Tower
19:55 Guard Tower
20:21 Scout Tower
20:22 Scout Tower
20:27 Guard Tower
20:29 Town Hall
20:31 Scout Tower
20:32 Scout Tower
20:33 Scout Tower
20:33 Scout Tower
20:34 Scout Tower
20:35 Scout Tower
20:36 Scout Tower
20:36 Scout Tower
20:37 Scout Tower
20:39 Arcane Tower
20:45 Arcane Tower
20:46 Guard Tower
20:51 Guard Tower
20:54 Guard Tower
21:00 Guard Tower
21:03 Scout Tower
21:04 Scout Tower
21:23 Scout Tower
21:24 Scout Tower
21:37 Guard Tower
21:51 Guard Tower
22:09 Guard Tower
22:15 Guard Tower
22:40 Scout Tower
22:41 Scout Tower
22:43 Scout Tower
22:43 Scout Tower
23:20 Scout Tower
23:21 Scout Tower
23:21 Scout Tower
23:35 Scout Tower
23:37 Scout Tower
23:45 Guard Tower
24:00 Scout Tower
24:03 Guard Tower
24:10 Guard Tower
24:16 Guard Tower
24:19 Scout Tower
24:21 Scout Tower
24:23 Scout Tower
24:23 Scout Tower
24:24 Scout Tower
24:25 Scout Tower
24:25 Scout Tower
24:26 Scout Tower
24:26 Scout Tower
24:27 Scout Tower
24:42 Guard Tower
24:47 Scout Tower
25:04 Guard Tower
25:06 Scout Tower
25:45 Scout Tower
25:48 Guard Tower
25:54 Town Hall
25:59 Scout Tower
26:00 Scout Tower
26:00 Scout Tower
26:03 Scout Tower
26:03 Scout Tower
26:04 Scout Tower
26:34 Scout Tower
26:39 Guard Tower
27:15 Guard Tower
27:45 Guard Tower
28:09 Scout Tower
28:10 Scout Tower
28:11 Scout Tower
28:11 Scout Tower
28:12 Scout Tower
28:18 Scout Tower
28:18 Scout Tower
28:19 Scout Tower
28:21 Scout Tower
28:21 Scout Tower
28:45 Guard Tower
28:47 Town Hall
28:54 Scout Tower
28:54 Guard Tower
29:03 Scout Tower
29:05 Scout Tower
29:05 Scout Tower
29:06 Scout Tower
29:07 Scout Tower
29:08 Arcane Tower
29:12 Arcane Tower
29:18 Scout Tower
29:18 Scout Tower
29:22 Scout Tower
29:30 Scout Tower
29:31 Scout Tower
29:36 Guard Tower
29:41 Guard Tower
31:02 Guard Tower
31:05 Scout Tower
31:06 Scout Tower
31:06 Scout Tower
31:56 Arcane Tower
32:01 Arcane Tower
32:58 Guard Tower
35:09 Scout Tower
35:09 Scout Tower
35:13 Scout Tower
35:13 Scout Tower
35:18 Scout Tower
35:19 Scout Tower
35:20 Scout Tower
35:23 Scout Tower
35:23 Scout Tower
35:24 Scout Tower
35:25 Scout Tower
35:43 Guard Tower
36:25 Guard Tower
37:12 Guard Tower
38:34 Guard Tower
47:05 Scout Tower
47:58 Guard Tower
55:20 Scout Tower
55:21 Scout Tower
55:22 Scout Tower
55:22 Scout Tower
55:23 Scout Tower
55:24 Scout Tower
55:24 Scout Tower
55:25 Scout Tower
55:25 Scout Tower
55:26 Scout Tower
57:25 Arcane Tower
57:45 Arcane Tower
58:45 Arcane Tower
59:02 Arcane Tower
59:06 Scout Tower
59:07 Scout Tower
59:07 Scout Tower
59:11 Scout Tower
59:12 Scout Tower
59:13 Scout Tower
59:21 Arcane Tower
59:37 Arcane Tower
59:46 Arcane Tower
60:02 Arcane Tower
60:02 Arcane Tower
62:00 Arcane Tower
» items
| Staff of Teleportation | 3 | |
| Boots of Speed | 3 | |
| Healing Salve | 3 | |
| Orb of Lightning | 2 | |
| Staff of Sanctuary | 3 | |
| Scroll of Regeneration | 1 | |
| Scroll of Town Portal | 2 | |
| Periapt of Vitality | 1 | |
| Circlet of Nobility | 1 | |
19 total
team 2 (loser)
kill.everybody (
green | 110 APM | 9051 actions | 82:31)
4 Far Seer
2 Feral Spirit
2 Chain Lighting
4 Shadow Hunter
2 Hex
2 Healing Wave
» actions
| Assign group hotkey | 105 | |
| Basic commands | 171 | |
| Build / train | 129 | |
| ESC pressed | 2 | |
| Enter build submenu | 37 | |
| Enter hero's abilities submenu | 8 | |
| Give item / drop item | 8 | |
| Right click | 4539 | |
| Select / deselect | 698 | |
| Select group hotkey | 3001 | |
| Use ability | 353 | |
9051 total
» units
| Peon | 21 | |
| Grunt | 1 | |
| Wind Rider | 8 | |
| Troll Batrider | 32 | |
| Demolisher | 7 | |
69 total
» upgrades
| Envenomed Spears | 1 | |
| Liquid Fire | 1 | |
| Ranged Weapons | 2 | |
| Armor | 2 | |
| Burning Oil | 1 | |
7 total
» buildings
| Altar of Storms | 1 | |
| Orc Burrow | 6 | |
| Barracks | 1 | |
| Stronghold | 2 | |
| Voodoo Lounge | 1 | |
| Beastiary | 2 | |
| War Mill | 4 | |
| Watch Tower | 15 | |
| Fortress | 2 | |
| Great Hall | 1 | |
35 total
» build order
00:09 Altar of Storms
00:18 Orc Burrow
00:35 Barracks
02:10 Stronghold
02:30 Voodoo Lounge
02:33 Orc Burrow
03:07 Orc Burrow
04:35 Beastiary
04:36 Beastiary
06:19 War Mill
07:49 Orc Burrow
08:48 Watch Tower
08:52 Watch Tower
08:53 Watch Tower
08:54 Watch Tower
09:35 Fortress
09:35 Fortress
10:38 Watch Tower
10:38 Watch Tower
11:02 Great Hall
11:17 Watch Tower
11:18 Watch Tower
11:51 Watch Tower
11:51 Watch Tower
13:38 Watch Tower
13:39 Watch Tower
18:17 Orc Burrow
18:17 Orc Burrow
18:19 War Mill
31:51 War Mill
31:52 Watch Tower
31:53 Watch Tower
31:53 Watch Tower
31:55 War Mill
» items
| Healing Salve | 5 | |
| Scroll of Speed | 3 | |
| Dust of Appearance | 4 | |
| Potion of Healing | 6 | |
| Lesser Clarity Potion | 6 | |
| Orb of Lightning | 2 | |
| Scroll of Town Portal | 3 | |
| Staff of Teleportation | 1 | |
| Potion of Lesser Invulnerability | 1 | |
| Staff of Sanctuary | 1 | |
32 total
matzau (
purple | 105 APM | 9525 actions | 90:56)
5 Death Knight
3 Death Coil
2 Unholy Aura
4 Lich
2 Frost Nova
2 Frost Armor
3 Crypt Lord
2 Impale
1 Spiked Carapace
» actions
| Assign group hotkey | 120 | |
| Basic commands | 90 | |
| Build / train | 148 | |
| Enter build submenu | 39 | |
| Enter hero's abilities submenu | 12 | |
| Give item / drop item | 6 | |
| Remove unit from queue | 7 | |
| Right click | 5657 | |
| Select / deselect | 1151 | |
| Select group hotkey | 1848 | |
| Use ability | 439 | |
9525 total
» units
| Acolyte | 20 | |
| Ghoul | 3 | |
| Crypt Fiend | 9 | |
| Obsidian Statue | 2 | |
| Meatwagon | 5 | |
| Frost Wyrm | 5 | |
| Flying Machine | 3 | |
| Knight | 1 | |
| Peon | 2 | |
| Peasant | 6 | |
56 total
» upgrades
| Creature Attack | 3 | |
| Burrow | 1 | |
| Web | 1 | |
| Destroyer Form | 1 | |
| Creature Carapace | 2 | |
| Unholy Strength | 3 | |
| Disease Cloud | 1 | |
| Freezing Breath | 1 | |
| Backpack | 1 | |
| Flak Cannons | 1 | |
| Animal War Training | 1 | |
16 total
» buildings
| Graveyard | 1 | |
| Crypt | 1 | |
| Ziggurat | 12 | |
| Altar of Darkness | 1 | |
| Tomb of Relics | 1 | |
| Halls of the Dead | 5 | |
| Slaughterhouse | 2 | |
| Black Citadel | 3 | |
| Nerubian Tower | 5 | |
| Sacrificial Pit | 1 | |
| Boneyard | 1 | |
| Necropolis | 2 | |
| Orc Burrow | 1 | |
| Farm | 1 | |
| Great Hall | 1 | |
| Town Hall | 4 | |
42 total
» build order
00:05 Graveyard
00:09 Crypt
00:26 Ziggurat
00:46 Altar of Darkness
01:12 Tomb of Relics
01:28 Ziggurat
03:23 Halls of the Dead
03:23 Halls of the Dead
03:23 Halls of the Dead
03:23 Halls of the Dead
04:12 Ziggurat
04:32 Ziggurat
06:27 Slaughterhouse
06:45 Black Citadel
06:46 Black Citadel
08:30 Nerubian Tower
08:30 Nerubian Tower
10:13 Sacrificial Pit
10:39 Ziggurat
10:42 Ziggurat
10:50 Ziggurat
12:27 Boneyard
13:38 Necropolis
15:20 Slaughterhouse
15:40 Ziggurat
15:43 Ziggurat
15:46 Ziggurat
22:50 Necropolis
25:49 Ziggurat
29:19 Nerubian Tower
29:25 Ziggurat
32:08 Nerubian Tower
84:45 Orc Burrow
84:50 Farm
85:25 Great Hall
85:39 Town Hall
85:41 Town Hall
86:13 Town Hall
88:56 Town Hall
» items
| Rod of Necromancy | 4 | |
| Dust of Appearance | 2 | |
| Potion of Healing | 2 | |
| Scroll of Town Portal | 6 | |
| Orb of Corruption | 1 | |
| Potion of Lesser Invulnerability | 6 | |
| Staff of Sanctuary | 3 | |
24 total
Travis. (
teal | 91 APM | 7341 actions | 80:43)
8 Archmage
3 Summon Water Elemental
3 Brilliance Aura
1 Blizzard
1 Mass Teleport
5 Mountain King
3 Storm Bolt
2 Thunder Clap
4 Paladin
2 Holy Light
2 Divine Shield
» actions
| Assign group hotkey | 68 | |
| Basic commands | 539 | |
| Build / train | 195 | |
| Enter build submenu | 66 | |
| Enter hero's abilities submenu | 16 | |
| Give item / drop item | 16 | |
| Remove unit from queue | 10 | |
| Right click | 3213 | |
| Select / deselect | 977 | |
| Select group hotkey | 1878 | |
| Use ability | 363 | |
7341 total
» units
| Peasant | 32 | |
| Footman | 7 | |
| Siege Engine | 34 | |
73 total
» upgrades
| Masonry | 3 | |
| Defend | 1 | |
| Lumber Harvesting | 2 | |
| Gunpowder | 3 | |
| Plating | 3 | |
| Magic Sentry | 1 | |
13 total
» buildings
| Farm | 11 | |
| Altar of Kings | 1 | |
| Barracks | 2 | |
| Lumber Mill | 3 | |
| Scout Tower | 41 | |
| Arcane Tower | 10 | |
| Guard Tower | 26 | |
| Arcane Vault | 1 | |
| Keep | 1 | |
| Town Hall | 2 | |
| Blacksmith | 1 | |
| Castle | 4 | |
| Workshop | 2 | |
| Arcane Sanctum | 1 | |
106 total
» build order
00:11 Farm
00:14 Altar of Kings
00:26 Barracks
00:30 Barracks
01:11 Lumber Mill
01:19 Farm
02:03 Scout Tower
02:06 Scout Tower
02:40 Arcane Tower
02:47 Farm
03:12 Guard Tower
03:12 Guard Tower
03:12 Guard Tower
03:34 Arcane Vault
04:59 Keep
05:15 Farm
05:18 Scout Tower
06:00 Guard Tower
06:03 Scout Tower
06:07 Farm
06:10 Lumber Mill
06:13 Scout Tower
06:34 Scout Tower
06:40 Guard Tower
06:56 Guard Tower
07:39 Guard Tower
08:44 Scout Tower
08:47 Scout Tower
08:49 Scout Tower
08:52 Scout Tower
08:56 Scout Tower
09:24 Town Hall
09:30 Arcane Tower
09:32 Guard Tower
09:55 Guard Tower
09:59 Scout Tower
10:00 Scout Tower
10:32 Guard Tower
10:33 Guard Tower
10:59 Blacksmith
11:09 Castle
11:09 Castle
11:55 Farm
11:57 Farm
12:33 Workshop
12:35 Workshop
12:37 Scout Tower
12:40 Scout Tower
12:43 Scout Tower
13:20 Guard Tower
13:34 Guard Tower
14:56 Farm
14:57 Farm
15:22 Lumber Mill
16:11 Scout Tower
16:12 Scout Tower
16:46 Guard Tower
16:47 Guard Tower
20:00 Farm
20:01 Farm
31:48 Town Hall
32:05 Scout Tower
32:08 Scout Tower
32:10 Scout Tower
32:13 Scout Tower
32:15 Scout Tower
32:45 Guard Tower
32:47 Arcane Tower
32:48 Guard Tower
32:49 Scout Tower
32:50 Scout Tower
32:52 Scout Tower
32:55 Scout Tower
32:58 Scout Tower
33:20 Guard Tower
33:43 Guard Tower
38:44 Arcane Sanctum
44:12 Scout Tower
44:19 Scout Tower
44:24 Scout Tower
44:26 Scout Tower
44:28 Scout Tower
44:31 Scout Tower
44:33 Scout Tower
44:50 Guard Tower
45:07 Guard Tower
45:08 Scout Tower
45:22 Arcane Tower
45:22 Arcane Tower
45:22 Arcane Tower
45:43 Arcane Tower
45:43 Arcane Tower
46:08 Guard Tower
46:59 Scout Tower
47:02 Scout Tower
47:04 Scout Tower
47:05 Scout Tower
47:11 Scout Tower
47:49 Guard Tower
49:45 Guard Tower
50:10 Guard Tower
» items
| Scroll of Regeneration | 2 | |
| Lesser Clarity Potion | 3 | |
| Boots of Speed | 3 | |
| Potion of Lesser Invulnerability | 8 | |
| Dust of Appearance | 4 | |
| Potion of Healing | 4 | |
| Healing Salve | 1 | |
| Tome of Retraining | 1 | |
| Scroll of Town Portal | 2 | |
| Potion of Mana | 1 | |
| Staff of Sanctuary | 2 | |
| Potion of Invisibility | 1 | |
32 total
Chat log
(29:18 / All) Wignau: hold up
(29:19 / All) PoodolphRedNose: wait pls
(29:21 / All) matzau: fucl you
(29:23 / All) Wignau: pizza
(29:43 / All) matzau: mh dont get a minite
(40:21 / All) Wignau: noob?
(46:31 / All) Wignau: cant kill tower??
(47:37 / All) Wignau: noob dk lol
(47:52 / All) Wignau: matzau
(47:54 / All) Wignau: how long u played??
(48:25 / All) Wignau: LOLLL
(49:10 / All) Wignau: matzau NICE BURROW
(49:12 / All) ChristmasLumber: GG
(49:15 / All) ChristmasLumber: http://highper.ch
(50:14 / All) ChristmasLumber: u ok??
(50:18 / All) Wignau: how can u lose to tower strat
(50:36 / All) ChristmasLumber: http://en.wikipedia.org/Tower_strat
(51:05 / All) PoodolphRedNose: get out my game shitlords
(51:07 / All) PoodolphRedNose: u have losed.
(51:11 / All) Wignau: you are too bad
(51:17 / All) PoodolphRedNose: too bad... you were too bad. to win
(51:42 / All) Wignau: teal
(51:44 / All) Wignau: ur towers die
(53:18 / Allies) ChristmasLumber: div style="shield"
(58:19 / All) matzau: noobs
(58:28 / All) Wignau: u lose to noobs LOL
(58:33 / All) kill.everybody: u mh..
(58:35 / All) Wignau: tower noob strat > u
(58:38 / Allies) Wignau: nope lol
(58:39 / All) PoodolphRedNose: ??? rofl no we dont maphack idiot
(58:40 / All) Wignau: nope lol
(58:50 / All) Wignau: http://www.highper.ch
(58:51 / All) kill.everybody: ok
(58:53 / All) PoodolphRedNose: learn to get good to be good to play good & finally u'll be good. but that day is not 2day
(58:53 / All) Wignau: no hacks only own
(61:28 / All) Wignau: staff
(61:29 / All) Wignau: also laugh
(68:34 / All) PoodolphRedNose: why'd u guys do that tho
(68:47 / All) PoodolphRedNose: it was pretty bad play. o yeai forgot hwo bad players u are tha u would play bad with a bad play. that u did
(68:57 / All) kill.everybody: ok
(69:20 / All) PoodolphRedNose: remember when u played good? yeah me NEITHER LOL!1
(69:26 / All) kill.everybody: ok
(69:59 / All) Wignau: i staugh
(70:01 / All) Wignau: then i laugh
(70:08 / All) kill.everybody: tell your mom
(72:13 / All) Wignau: C YA
(77:15 / All) Wignau: ^do you like
(77:17 / All) Wignau: our maphack towers
(77:18 / All) Wignau: they see you
(80:35 / All) ChristmasLumber: gg
(80:40 / All) matzau: no
(80:42 / All) Wignau: noobs
(80:47 / All) PoodolphRedNose: too easy guys
(80:48 / All) PoodolphRedNose: you suck
(80:59 / All) kill.everybody: gz ;)
(81:01 / All) Wignau: bad hero micro
(81:03 / All) PoodolphRedNose: sorry to be the bearer of bad news. but you suck
(81:04 / All) Wignau: Maybe you should learn...
(81:06 / All) Wignau: HOW TO PLAY!!!!
(81:12 / All) kill.everybody: ok
(82:18 / All) PoodolphRedNose: really tho. u guys are f*ckin atrocious sorry. i know we joke a lot.. but dayum
(82:36 / All) ChristmasLumber: hey
(82:36 / All) PoodolphRedNose: begone out my game
(82:39 / All) ChristmasLumber: sorry for ruining your christmas
(82:40 / All) PoodolphRedNose: remove yourself
(83:08 / All) PoodolphRedNose: u forgot to heal
(83:10 / All) PoodolphRedNose: fucking idiot
(83:33 / All) ChristmasLumber: filthy ud last to quit of course
(83:38 / All) PoodolphRedNose: you've embarrassed yourself
(83:39 / All) Wignau: stupid ud
(83:40 / All) Wignau: No skill
(83:42 / All) PoodolphRedNose: well you embarrassed yourself when you picked ud
(84:18 / All) PoodolphRedNose: haha remember when u thought u could win
(84:19 / All) PoodolphRedNose: hilarious
(85:45 / All) PoodolphRedNose: how mad u must be
(85:48 / All) PoodolphRedNose: to sit here watching yourself lose
(85:55 / All) ChristmasLumber: don't forget to SYN first
(86:49 / All) PoodolphRedNose: what a loser
(87:02 / All) PoodolphRedNose: what a goof. a fool. a rapscallion. a scoundrel. a knave
(87:39 / All) PoodolphRedNose: .... sad
(87:44 / All) PoodolphRedNose: brb 1s pizza
(87:50 / All) PoodolphRedNose: u need a LOT of practice IN both
(88:02 / All) PoodolphRedNose: gj u unpaused
(88:04 / All) PoodolphRedNose: that mean we win now
(88:05 / All) Wignau: matzau, the man who loses to towers for 90 minutes
(88:10 / All) PoodolphRedNose: ok thanks 4 waiting
(88:15 / All) PoodolphRedNose: my pizza is tasty as f*ck
(88:17 / All) ChristmasLumber: 3 pizza for 3 boys
(88:29 / All) PoodolphRedNose: a slice for u derek... and one for u donny
(88:31 / All) matzau: unpause ?=?? HAHAHHA
(88:38 / All) PoodolphRedNose: yeah i got my pizza thanks for waiting
(88:49 / All) matzau: np
(89:18 / All) Wignau: If you ask this fish it's the most delish dish
(89:46 / All) Wignau: You hide like a 0-skiller
(89:48 / All) matzau: hacker noobs XD
(89:50 / All) Wignau: why is that
(89:54 / All) PoodolphRedNose: rofl
(89:57 / All) Wignau: why did we not hack and still beat you this easy
(89:59 / All) PoodolphRedNose: ur puny nerdbrain birdbrain cannot handle
(90:01 / All) PoodolphRedNose: being outplayed
(90:04 / All) PoodolphRedNose: so u accuse us of hack
(90:05 / All) PoodolphRedNose: noob
(90:06 / All) matzau: xD
(90:07 / All) Wignau: hmm maybe http://highper.ch in your web browser
(90:11 / All) ChristmasLumber: europeans think immovable building is hack??
(90:20 / All) ChristmasLumber: are u polish
(90:25 / All) matzau: xD
(90:28 / All) matzau: AHHAHAHAH
(90:41 / All) PoodolphRedNose: maybe u should polish up ur micro skills
(90:45 / All) PoodolphRedNose: cos g*d DAMN! they are bad.
(90:46 / All) matzau: XD
(90:49 / All) ChristmasLumber: gg
(90:53 / All) ChristmasLumber: u are bad